 Dungeon Crawl Stone Soup version 0.21.0 (webtiles) character file.

698 theswoord the Skirmisher (level 7, -8/48 HPs)
             Began as a Gargoyle Abyssal Knight on Jan 7, 2018.
             Was a Priest of Lugonu.
             Killed from afar by an iguana (31 damage)
             ... with an exploding inner flame
             ... hexed by the player character
             ... on level 6 of the Dungeon.
             The game lasted 00:11:24 (5559 turns).

theswoord the Skirmisher (Gargoyle Abyssal Knight)  Turns: 5559, Time: 00:11:25

Health: -8/48      AC: 12    Str: 16    XL:     7   Next: 65%
Magic:  8/8        EV:  7    Int: 12    God:    Lugonu [***...]
Gold:   368        SH:  7    Dex: 11    Spells: 6/6 levels left

rFire    . . .     SeeInvis +   j - +0 whip
rCold    + . .     Gourm    .   q - +0 shield
rNeg     + . .     Faith    .   m - +2 ring mail {rPois}
rPois    ∞         Spirit   .   (no helmet)
rElec    +         Reflect  .   (no cloak)
rCorr    .         Harm     .   (no gloves)
MR       .....                  (no boots)
Stlth    +.........             i - amulet of magic regeneration
HPRegen  0.16/turn              f - ring of see invisible
MPRegen  0.36/turn              n - ring of protection from cold

@: no status effects
A: negative energy resistance 1, electricity resistance, unbreathing,
petrification resistance, rot immunity, AC +4
a: Depart the Abyss, Bend Space, Banish, Renounce Religion


You were on level 6 of the Dungeon.
You worshipped Lugonu.
Lugonu was most pleased with you.
You were hungry.

You visited 1 branch of the dungeon, and saw 6 of its levels.
You visited the Abyss 1 time.

You collected 368 gold pieces.

Inventory:

Hand Weapons
 a - a +1 mace
 j - a +0 whip (weapon)
Armour
 b - a +0 leather armour
 g - a +1 ring mail
 m - a +2 ring mail of poison resistance (worn)
 q - a +0 shield (worn)
 r - a +0 chain mail
 t - a scarf of cloud immunity
Jewellery
 f - a ring of see invisible (left hand)
 i - an amulet of magic regeneration (around neck)
 n - a ring of protection from cold (right hand)
Scrolls
 e - 3 scrolls of fear
 h - a scroll of random uselessness
 o - a scroll of blinking
 p - 3 scrolls of identify
 s - a scroll of teleportation
 v - a scroll of remove curse
Potions
 d - 3 potions of invisibility
 k - a potion of flight
 l - a potion of resistance
Comestibles
 c - 6 rations


   Skills:
 + Level 7.1 Fighting
 + Level 6.0 Maces & Flails
 - Level 2.1 Armour
 - Level 0.7 Dodging
 - Level 2.0 Invocations


You had 6 spell levels left.
You didn't know any spells.

Dungeon Overview and Level Annotations

Branches:
Dungeon (6/15)             Temple (0/1) D:5

Altars:
Ru
Uskayaw
Yredelemnul
The Shining One

Shops:
D:5 *


Innate Abilities, Weirdness & Mutations

You are resistant to torment.
Your stone body is resilient. (AC +4)
You are immune to poison.
You resist negative energy. (rN+)
You are resistant to electric shocks. (rElec)
You can survive without breathing.
You are immune to petrification.
You are immune to rotting.


Message History

You kill the adder!
Lugonu accepts your kill.
The fiery explosion engulfs the jackal.
The jackal explodes!
The fiery explosion engulfs the jackal.
You kill the jackal!
Lugonu accepts your kill.
The fiery explosion engulfs the bullfrog.
The bullfrog explodes!
Lugonu accepts your kill.
Your Fighting skill increases to level 7!
Your Maces & Flails skill increases to level 6!
Lugonu accepts your kill.
You feel a bit more experienced. Lugonu accepts your kill.
You feel a bit more experienced. Lugonu accepts your kill.
The fiery explosion engulfs you!
Ouch! That really hurt!
You die...

#....r.#
#......#
#.......
#......#
#$.....#
###%.....#
.$.....§§######
#....§§§@...#
#.....##§####.#
##### #.h# ...#
..h.# .#S#..
..#. .h# .. ..
..#


There were no monsters in sight!

Vanquished Creatures
  The ghost of komo4ek the Stinger, an amateur NaVM (D:4)
  A bullfrog (D:6)
  A crimson imp (D:5)
  2 bullfrog skeletons
  A hound (D:5)
  A jelly (D:5)
  An orc wizard (D:5)
  2 iguanas
  2 worker ants
  8 adders
  A howler monkey skeleton (D:4)
  3 oozes
  2 worms
  2 dart slugs
  6 leopard geckos
  4 orcs (D:5)
  2 ball pythons (D:3)
  5 giant cockroaches
  11 goblins
  4 hobgoblins
  18 jackals
  A quokka (D:2)
  8 bats
  5 frilled lizards
  8 kobolds
  A leopard gecko skeleton (D:3)
  7 rats
108 creatures vanquished.

Notes
Turn   | Place    | Note
-------+----------+-------------------------------------------
     0 | Abyss:1  | theswoord the Gargoyle Abyssal Knight began the quest for the Orb.
     0 | Abyss:1  | Reached XP level 1. HP: 14/14 MP: 2/2
    26 | D:1      | Escaped the Abyss
   481 | D:1      | Reached XP level 2. HP: 19/19 MP: 3/3
   709 | D:1      | Reached XP level 3. HP: 7/24 MP: 4/4
   713 | D:1      | Reached skill level 4 in Fighting
   924 | D:1      | Reached ** piety under Lugonu
  1669 | D:2      | Found a glowing golden altar of the Shining One.
  1696 | D:2      | Reached XP level 4. HP: 24/30 MP: 5/5
  2036 | D:3      | Found a sacrificial altar of Ru.
  2532 | D:3      | Reached *** piety under Lugonu
  2987 | D:4      | Reached XP level 5. HP: 28/34 MP: 6/6
  2995 | D:4      | Reached skill level 5 in Fighting
  3372 | D:4      | Noticed komo4ek's ghost (amateur NaVM)
  3470 | D:4      | Killed komo4ek's ghost
  3470 | D:4      | Reached skill level 6 in Fighting
  3470 | D:4      | Reached XP level 6. HP: 14/41 MP: 7/7
  3771 | D:4      | Reached skill level 5 in Maces & Flails
  4068 | D:5      | Entered Level 5 of the Dungeon
  4327 | D:5      | Found a staircase to the Ecumenical Temple.
  4356 | D:5      | Found Hittoalot's General Store.
  4424 | D:5      | Reached XP level 7. HP: 8/47 MP: 8/8
  4890 | D:5      | Found a hide-covered altar of Uskayaw.
  5220 | D:5      | Found a basalt altar of Yredelemnul.
  5559 | D:6      | Reached skill level 7 in Fighting
  5559 | D:6      | Killed from afar by an iguana

Skill      XL: |  1  2  3  4  5  6  7 |
---------------+----------------------+-----
Fighting       | 4 6 7 |  7.1
Maces & Flails | 3 4 5 6 |  6.0
Armour         | |  2.1
Dodging        | |  0.7
Invocations    | |  2.0

Action                   |  1- 3 |  4- 6 |  7- 9 || total
-------------------------+-------+-------+-------++-------
Melee: Mace              |   158 |    95 |       ||   253
       Whip              |       |   249 |   151 ||   400
  Use: Scroll            |     5 |     7 |     1 ||    13
       Potion            |       |     2 |       ||     2
  Eat: Chunk             |     3 |     9 |     3 ||    15
Armor: Leather armour    |     4 |       |       ||     4
       Ring mail         |    78 |   147 |    64 ||   289
       Chain mail        |       |    47 |       ||    47
Dodge: Dodged            |   120 |   133 |    41 ||   294
Block: Shield            |       |    81 |    34 ||   115

Vault maps used:
D:1:      grunt_arrival_crossed_arrows, st_stairs_12
D:2:      tso_metal_star
D:3:      nicolae_ru_awakened_eye, minmay_goblin_outpost
D:4:      kennysheep_generic_room_8
D:5:      kennysheep_little_box, lemuel_doored_altar,
          minmay_temple_entry_butterflies, serial_shops, nicolae_shop_stone,
          first_ration, hangedman_decor_peaks_small
D:6:      nicolae_overflow_hidden_temple
